MID
ATLANTA (MID) BRAVES @ HARTFORD YARD GOATS
07/17/2045
 
TOP OF THE 1ST
Atlanta (MID) Braves batting - Pitching for Hartford Yard Goats : RHP Curtis Gumbs
Pitching: RHP Curtis Gumbs
Batting: LHB Tsutomu Miyahara 0-0: Swinging Strike
0-1: Ball
1-1: Called Strike
1-2: SINGLE (Groundball, 3S, EV 64.4 MPH) (infield hit)
Batting: LHB Erik Gretzky 0-0: Called Strike
0-1: Ball
1-1: Ball
2-1: Foul Ball, location: 2F
2-2: Fly out, F8 (Flyball, 89S, EV 78.1 MPH)
Batting: RHB Ike Trout 0-0: Ball
Tsutomu Miyahara steals 2nd, throwing error, E2
Tsutomu Miyahara to third
1-0: Ground out 5-3 (Groundball, 56, EV 105.6 MPH)
Tsutomu Miyahara scores
Batting: SHB Richello Badua 0-0: Foul Ball, location: 2F
0-1: Ground out 6-3 (Groundball, 6, EV 85.6 MPH)
Top of the 1st over - 1 run, 1 hit, 1 error, 0 left on base; Atlanta (MID) 1 - Hartford 0
BOTTOM OF THE 1ST
Hartford Yard Goats batting - Pitching for Atlanta (MID) Braves : LHP Juan Ramirez
Pitching: LHP Juan Ramirez
Batting: LHB Glenn Lowther 0-0: Ball
1-0: Foul Ball, location: 2F
1-1: Ground out U3 (Groundball, 3, EV 88.1 MPH)
Batting: LHB Bill McGregor 0-0: Called Strike
0-1: Ball
1-1: SINGLE (Groundball, P, EV 82.5 MPH) (infield hit)
Batting: RHB Chris Tatum 0-0: Ball
1-0: Ball
2-0: Called Strike
2-1: Foul Ball, location: 2F
2-2: Foul Ball, location: 2F
2-2: Foul Ball, location: 2F
2-2: Ball
3-2: Foul Ball, location: 2F
3-2: Foul Ball, location: 2F
3-2: Base on Balls
Bill McGregor to second
Batting: RHB Tyler Stebbins 0-0: Called Strike
0-1: Grounds into double play, U5-3 (Groundball, 5L, EV 101.2 MPH)
Bottom of the 1st over - 0 runs, 1 hit, 0 errors, 1 left on base; Atlanta (MID) 1 - Hartford 0
TOP OF THE 2ND
Atlanta (MID) Braves batting - Pitching for Hartford Yard Goats : RHP Curtis Gumbs
Batting: LHB Ben Goldstein 0-0: Called Strike
0-1: Ball
1-1: Ball
2-1: DOUBLE (Flyball, 8RXD, EV 92.5 MPH)
Batting: RHB Jose Ramos 0-0: SINGLE (Groundball, 34D, EV 100.0 MPH)
Ben Goldstein to third
Batting: LHB Raul Guarjardo 0-0: SINGLE (Groundball, 34D, EV 103.1 MPH)
Ben Goldstein scores
Jose Ramos to second
Batting: RHB Ingidayehu Lagat 0-0: Ball
1-0: Ball
2-0: Called Strike
2-1: Reached on error, E4 (Groundball, 4, EV 95.6 MPH)
Jose Ramos to third
Raul Guarjardo to second
Batting: SHB Juan Aguilar 0-0: Called Strike
0-1: Called Strike
0-2: Strikes out swinging
Batting: LHB Tsutomu Miyahara 0-0: Foul Ball, location: 2F
0-1: Foul Ball, location: 2F
0-2: SINGLE (Line Drive, 8RM, EV 93.1 MPH)
Jose Ramos scores
Raul Guarjardo to third
Ingidayehu Lagat to second
Batting: LHB Erik Gretzky 0-0: Called Strike
0-1: Ball
1-1: Foul Ball, location: 2F
1-2: Ball
2-2: SINGLE (Line Drive, 8RS, EV 93.8 MPH)
Raul Guarjardo scores
Ingidayehu Lagat to third
Tsutomu Miyahara to second
Batting: RHB Ike Trout 0-0: Called Strike
0-1: Ball
1-1: Foul Ball, location: 2F
1-2: Foul Ball, location: 2F
1-2: Ball
2-2: Ball
3-2: SINGLE (Line Drive, 6M, EV 102.5 MPH)
Ingidayehu Lagat scores
Tsutomu Miyahara to third
Erik Gretzky to second
Batting: SHB Richello Badua 0-0: Foul Ball, location: 2F
0-1: Hit by Pitch
Tsutomu Miyahara scores
Erik Gretzky to third
Ike Trout to second
Batting: LHB Ben Goldstein 0-0: Called Strike
0-1: Grounds into double play, 4-6-3 (Groundball, 4, EV 85.6 MPH)
Top of the 2nd over - 5 runs, 6 hits, 1 error, 2 left on base; Atlanta (MID) 6 - Hartford 0
BOTTOM OF THE 2ND
Hartford Yard Goats batting - Pitching for Atlanta (MID) Braves : LHP Juan Ramirez
Batting: LHB Greg Valenzuela 0-0: Swinging Strike
0-1: Foul Ball, location: 2F
0-2: Strikes out swinging
Batting: RHB Guillermo Veronese 0-0: Foul Ball, location: 2F
0-1: Foul Ball, location: 2F
0-2: Strikes out swinging
Batting: LHB Jeremy Brammer 0-0: Called Strike
0-1: Ball
1-1: Called Strike
1-2: Strikes out looking
Bottom of the 2nd over - 0 runs, 0 hits, 0 errors, 0 left on base; Atlanta (MID) 6 - Hartford 0
TOP OF THE 3RD
Atlanta (MID) Braves batting - Pitching for Hartford Yard Goats : RHP Curtis Gumbs
Batting: RHB Jose Ramos 0-0: Ball
1-0: Ground out 6-3 (Groundball, 56, EV 108.1 MPH)
Batting: LHB Raul Guarjardo 0-0: Ball
1-0: Called Strike
1-1: Ball
2-1: Called Strike
2-2: Foul Ball, location: 2F
2-2: Ball
3-2: Foul Ball, location: 2F
3-2: Fly out, F5 (Line Drive, 5, EV 72.5 MPH)
Batting: RHB Ingidayehu Lagat 0-0: Swinging Strike
0-1: Swinging Strike
0-2: Fly out, F7 (Flyball, 7LM, EV 91.9 MPH)
Top of the 3rd over - 0 runs, 0 hits, 0 errors, 0 left on base; Atlanta (MID) 6 - Hartford 0
BOTTOM OF THE 3RD
Hartford Yard Goats batting - Pitching for Atlanta (MID) Braves : LHP Juan Ramirez
Batting: LHB Elijah Black 0-0: Ground out 4-3 (Groundball, 4, EV 88.1 MPH)
Batting: LHB Zane Kelton 0-0: Ball
1-0: Swinging Strike
1-1: Ball
2-1: Ball
3-1: Swinging Strike
3-2: Strikes out swinging
Batting: LHB Glenn Lowther 0-0: Ball
1-0: Called Strike
1-1: Ground out 5-3 (Groundball, 56, EV 99.4 MPH)
Bottom of the 3rd over - 0 runs, 0 hits, 0 errors, 0 left on base; Atlanta (MID) 6 - Hartford 0
TOP OF THE 4TH
Atlanta (MID) Braves batting - Pitching for Hartford Yard Goats : RHP Curtis Gumbs
Batting: SHB Juan Aguilar 0-0: Called Strike
0-1: Called Strike
0-2: Strikes out swinging
Batting: LHB Tsutomu Miyahara 0-0: Ball
1-0: Ball
2-0: Called Strike
2-1: Ball
3-1: SINGLE (Line Drive, 89M, EV 95.0 MPH)
Batting: LHB Erik Gretzky 0-0: Foul Ball, location: 2F
0-1: Called Strike
Tsutomu Miyahara steals 2nd base
0-2: Ball
1-2: Foul Ball, location: 2F
1-2: Ball
2-2: Foul Ball, location: 2F
2-2: Ball
3-2: Foul Ball, location: 2F
3-2: Foul Ball, location: 2F
3-2: Fly out, F9 (Line Drive, 9, EV 101.9 MPH)
Batting: RHB Ike Trout 0-0: Called Strike
0-1: Ground out 6-3 (Groundball, 6, EV 81.9 MPH)
Top of the 4th over - 0 runs, 1 hit, 0 errors, 1 left on base; Atlanta (MID) 6 - Hartford 0
BOTTOM OF THE 4TH
Hartford Yard Goats batting - Pitching for Atlanta (MID) Braves : LHP Juan Ramirez
Batting: LHB Bill McGregor 0-0: Swinging Strike
0-1: Swinging Strike
0-2: Ball
1-2: Foul Ball, location: 2F
1-2: Ground out U3 (Groundball, 3L, EV 88.8 MPH)
Batting: RHB Chris Tatum 0-0: Swinging Strike
0-1: Ball
1-1: Ball
2-1: Foul Ball, location: 2F
2-2: Ground out 5-3 (Groundball, 56, EV 88.1 MPH)
Batting: RHB Tyler Stebbins 0-0: Swinging Strike
0-1: Foul Ball, location: 2F
0-2: Strikes out swinging
Bottom of the 4th over - 0 runs, 0 hits, 0 errors, 0 left on base; Atlanta (MID) 6 - Hartford 0
TOP OF THE 5TH
Atlanta (MID) Braves batting - Pitching for Hartford Yard Goats : RHP Curtis Gumbs
Batting: SHB Richello Badua 0-0: Ground out U3 (Groundball, 3L, EV 106.2 MPH)
Batting: LHB Ben Goldstein 0-0: Called Strike
0-1: Ball
1-1: Called Strike
1-2: Strikes out swinging
Batting: RHB Jose Ramos 0-0: Foul Ball, location: 2F
0-1: Foul Ball, location: 2F
0-2: Ball
1-2: Ball
2-2: Strikes out swinging
Top of the 5th over - 0 runs, 0 hits, 0 errors, 0 left on base; Atlanta (MID) 6 - Hartford 0
BOTTOM OF THE 5TH
Hartford Yard Goats batting - Pitching for Atlanta (MID) Braves : LHP Juan Ramirez
Batting: LHB Greg Valenzuela 0-0: Ground out 3-1 (Groundball, 34S, EV 82.5 MPH)
Batting: RHB Guillermo Veronese 0-0: Ball
1-0: Foul Ball, location: 2F
1-1: Fly out, F8 (Flyball, 8LD, EV 92.5 MPH)
Batting: LHB Jeremy Brammer 0-0: Ball
1-0: Foul Ball, location: 2F
1-1: Ball
2-1: Ball
3-1: Foul Ball, location: 2F
3-2: Ground out 4-3 (Groundball, 4, EV 86.2 MPH)
Bottom of the 5th over - 0 runs, 0 hits, 0 errors, 0 left on base; Atlanta (MID) 6 - Hartford 0
TOP OF THE 6TH
Atlanta (MID) Braves batting - Pitching for Hartford Yard Goats : RHP Curtis Gumbs
Batting: LHB Raul Guarjardo 0-0: Fly out, F6 (Line Drive, 6, EV 63.1 MPH)
Batting: RHB Ingidayehu Lagat 0-0: Called Strike
0-1: Ball
1-1: Ball
2-1: Called Strike
2-2: Ball
3-2: Fly out, F8 (Line Drive, 8RD, EV 91.2 MPH)
Batting: SHB Juan Aguilar 0-0: Foul Ball, location: 2F
0-1: Foul Ball, location: 2F
0-2: Ball
1-2: Strikes out looking
Top of the 6th over - 0 runs, 0 hits, 0 errors, 0 left on base; Atlanta (MID) 6 - Hartford 0
BOTTOM OF THE 6TH
Hartford Yard Goats batting - Pitching for Atlanta (MID) Braves : LHP Juan Ramirez
Batting: LHB Elijah Black 0-0: Ball
1-0: Ground out U3 (Groundball, 3, EV 103.8 MPH)
Batting: LHB Zane Kelton 0-0: Ground out 6-3 (Groundball, 4M, EV 80.6 MPH)
Batting: LHB Glenn Lowther 0-0: Called Strike
0-1: SINGLE (Line Drive, 7LS, EV 110.0 MPH)
Batting: LHB Bill McGregor 0-0: Ball
1-0: Ball
2-0: Called Strike
2-1: Foul Ball, location: 2F
2-2: Foul Ball, location: 2F
2-2: Ball
Glenn Lowther steals 2nd, throwing error, E2
Glenn Lowther to third
3-2: Base on Balls
Batting: RHB Chris Tatum 0-0: Called Strike
0-1: Ball
1-1: Ball
2-1: Ground out 5-3 (Groundball, 5S, EV 71.9 MPH)
Bottom of the 6th over - 0 runs, 1 hit, 1 error, 2 left on base; Atlanta (MID) 6 - Hartford 0
TOP OF THE 7TH
Atlanta (MID) Braves batting - Pitching for Hartford Yard Goats : RHP Curtis Gumbs
Batting: LHB Tsutomu Miyahara 0-0: Swinging Strike
0-1: Ball
1-1: Foul Ball, location: 2F
1-2: Strikes out looking
Pitching: RHP Andy Marlowe
Batting: LHB Erik Gretzky 0-0: Called Strike
0-1: Ball
1-1: Ball
2-1: Called Strike
2-2: Foul Ball, location: 2F
2-2: Strikes out looking
Batting: RHB Ike Trout 0-0: Ball
1-0: Called Strike
1-1: Ball
2-1: Foul Ball, location: 2F
2-2: Fly out, F4 (Popup, 34D, EV 50.0 MPH)
Top of the 7th over - 0 runs, 0 hits, 0 errors, 0 left on base; Atlanta (MID) 6 - Hartford 0
BOTTOM OF THE 7TH
Hartford Yard Goats batting - Pitching for Atlanta (MID) Braves : LHP Juan Ramirez
Batting: RHB Tyler Stebbins 0-0: Ball
1-0: Fly out, F7 (Line Drive, 7, EV 90.6 MPH)
Batting: LHB Greg Valenzuela 0-0: Called Strike
0-1: Called Strike
0-2: Foul Ball, location: 2F
0-2: Ground out U3 (Groundball, 3L, EV 86.9 MPH)
Batting: RHB Guillermo Veronese 0-0: Ball
1-0: Foul Ball, location: 2F
1-1: Foul Ball, location: 2F
1-2: Foul Ball, location: 2F
1-2: Strikes out swinging
Bottom of the 7th over - 0 runs, 0 hits, 0 errors, 0 left on base; Atlanta (MID) 6 - Hartford 0
TOP OF THE 8TH
Atlanta (MID) Braves batting - Pitching for Hartford Yard Goats : RHP Andy Marlowe
Batting: SHB Richello Badua 0-0: Ball
1-0: Ball
2-0: Called Strike
2-1: Ball
3-1: Base on Balls
Batting: LHB Ben Goldstein 0-0: Called Strike
0-1: Ball
Richello Badua steals 2nd base
1-1: Called Strike
1-2: Foul Ball, location: 2F
1-2: Ball
2-2: Foul Ball, location: 2F
2-2: Foul Ball, location: 2F
2-2: Foul Ball, location: 2F
2-2: Ball
3-2: Base on Balls
Batting: RHB Jose Ramos 0-0: Ball
1-0: Ball
2-0: Foul Ball, location: 2F
2-1: Foul Ball, location: 2F
2-2: 3-RUN HOME RUN (Flyball, 7D, EV 93.8 MPH), Distance : 368 ft
Batting: LHB Raul Guarjardo 0-0: Ball
1-0: Fly out, F4 (Popup, 23, EV 82.5 MPH)
Pitching: LHP Juan Vargas
Batting: RHB Ingidayehu Lagat 0-0: Ball
1-0: Foul Ball, location: 2F
1-1: Reached via error on a dropped throw from 3B, E3 (Groundball, 56S, EV 70.6 MPH)
Batting: SHB Juan Aguilar 0-0: Ball
1-0: Fielders Choice at 2nd, 5-4 (Groundball, 56S, EV 87.5 MPH)
Batting: LHB Tsutomu Miyahara 0-0: Ball
1-0: Foul Ball, location: 2F
1-1: Called Strike
1-2: Ball
2-2: Foul Ball, location: 2F
2-2: Strikes out looking
Top of the 8th over - 3 runs, 1 hit, 1 error, 1 left on base; Atlanta (MID) 9 - Hartford 0
BOTTOM OF THE 8TH
Hartford Yard Goats batting - Pitching for Atlanta (MID) Braves : LHP Juan Ramirez
Batting: LHB Jeremy Brammer 0-0: Called Strike
0-1: Ball
1-1: Ball
2-1: Foul Ball, location: 2F
2-2: Strikes out swinging
Batting: LHB Elijah Black 0-0: Called Strike
0-1: Foul Ball, location: 2F
0-2: Ball
1-2: Ball
2-2: Foul Ball, location: 2F
2-2: Ground out U3 (Groundball, 3, EV 100.0 MPH)
Batting: LHB Zane Kelton 0-0: Ball
1-0: Called Strike
1-1: Ball
2-1: Called Strike
2-2: Ball
3-2: Foul Ball, location: 2F
3-2: Strikes out swinging
Bottom of the 8th over - 0 runs, 0 hits, 0 errors, 0 left on base; Atlanta (MID) 9 - Hartford 0
TOP OF THE 9TH
Atlanta (MID) Braves batting - Pitching for Hartford Yard Goats : LHP Juan Vargas
Batting: LHB Erik Gretzky 0-0: Ball
1-0: Ball
2-0: Called Strike
2-1: Swinging Strike
2-2: Strikes out swinging
Batting: RHB Ike Trout 0-0: Ball
1-0: Ground out 3-1 (Groundball, 34S, EV 85.6 MPH)
Batting: SHB Richello Badua 0-0: Ball
1-0: Called Strike
1-1: Ball
2-1: Foul Ball, location: 2F
2-2: SINGLE (Groundball, 4M, EV 101.2 MPH) (infield hit)
Batting: LHB Ben Goldstein 0-0: Ball
1-0: Ball
2-0: Ball
3-0: SINGLE (Line Drive, 56D, EV 98.8 MPH)
Richello Badua to second
Batting: RHB Jose Ramos 0-0: Called Strike
0-1: Ball
1-1: Ball
2-1: Swinging Strike
2-2: Foul Ball, location: 2F
2-2: Strikes out swinging
Top of the 9th over - 0 runs, 2 hits, 0 errors, 2 left on base; Atlanta (MID) 9 - Hartford 0
BOTTOM OF THE 9TH
Hartford Yard Goats batting - Pitching for Atlanta (MID) Braves : LHP Juan Ramirez
Batting: LHB Glenn Lowther 0-0: Called Strike
0-1: Ball
1-1: SINGLE (Groundball, 34D, EV 95.0 MPH)
Pitching: RHP Jose Medina
Batting: LHB Bill McGregor 0-0: Called Strike
0-1: Ball
Wild Pitch!
Glenn Lowther to second
1-1: Ball
2-1: Foul Ball, location: 2F
2-2: Ball
3-2: Foul Ball, location: 2F
3-2: TRIPLE (Line Drive, 8RXD, EV 101.9 MPH)
Glenn Lowther scores
Batting: RHB Chris Tatum 0-0: Ball
1-0: Called Strike
1-1: Foul Ball, location: 2F
1-2: Ball
Wild Pitch!
Bill McGregor scores
2-2: Ball
3-2: Foul Ball, location: 2F
3-2: SINGLE (Groundball, 56D, EV 95.0 MPH)
Batting: RHB Tyler Stebbins 0-0: Ball
1-0: Ball
2-0: Ball
3-0: Called Strike
3-1: Base on Balls
Chris Tatum to second
Batting: LHB Greg Valenzuela 0-0: Fielders Choice at 2nd, 4-6 (Groundball, 34, EV 106.2 MPH)
Chris Tatum to third
Batting: RHB Guillermo Veronese 0-0: Fielders Choice at 2nd, 5-4 (Groundball, 5, EV 111.9 MPH)
Chris Tatum scores
Batting: LHB Jeremy Brammer 0-0: Swinging Strike
0-1: Ball
1-1: Foul Ball, location: 2F
1-2: Ground out 4-3 (Groundball, 4, EV 94.4 MPH)
Bottom of the 9th over - 3 runs, 3 hits, 0 errors, 1 left on base; Atlanta (MID) 9 - Hartford 3
Wednesday, June 22nd , 2022 - OOTP Baseball 23.4 Build 64